 Dungeon Crawl Stone Soup version 0.28.0-1-gb440e238dd (webtiles) character file.

Game seed: 2656936662815733604

9 Dvallin the Sneak (level 2, -1/18 (19) HPs)
             Began as a Kobold Delver on Feb 24, 2022.
             Slain by a necrophage (2 damage)
             ... on level 6 of the Dungeon.
             The game lasted 00:00:25 (61 turns).

Dvallin the Sneak (Kobold Delver)                     Turns: 61, Time: 00:00:26

HP:   -1/18 (19)    AC:  3    Str:  9    XL:     2   Next: 20%
MP:   2/2           EV: 14    Int: 11    God:
Gold: 0             SH:  0    Dex: 16    Spells: 1/1 levels left

rFire   . . .      SeeInvis .   a - +0 short sword
rCold   . . .      Faith    .   (no shield)
rNeg    . . .      Spirit   .   b - +0 leather armour
rPois   .          Reflect  .   (no helmet)
rElec   .          Harm     .   (no cloak)
rCorr   .          Rampage  .   (no gloves)
Will    .....                   (no boots)
Stlth   ++........              (no amulet)
HPRegen 0.06/turn               (no ring)
MPRegen 0.08/turn               (no ring)

@: confused, drained
A: small, no large weapons, nightstalker 3
a: no special abilities


You were on level 6 of the Dungeon.
You visited 1 branch of the dungeon, and saw 2 of its levels.

Inventory:

Hand Weapons
 a - a +0 short sword (weapon)
Armour
 b - a +0 leather armour (worn)
Wands
 g - a wand of digging (3)
Scrolls
 c - a scroll of fog
 d - a scroll of magic mapping
 e - a scroll of fear
Potions
 f - a potion of haste


   Skills:
 + Level 3.4 Fighting
 + Level 3.0 Short Blades
 + Level 2.7 Dodging
 + Level 6.7 Stealth


You had one spell level left.
You didn't know any spells.
Your spell library was empty.

Dungeon Overview and Level Annotations

Branches:
Dungeon (6/15)
 Temple: D:4-7

Altars:

Annotations:
D:6 Sigmund


Innate Abilities, Weirdness & Mutations

You are small and have problems with some larger weapons.
You are completely attuned to the shadows.


Message History

Sigmund closely misses you.
You hit Sigmund.
Sigmund is lightly wounded.
The howler monkey zombie hits you. The necrophage hits you.
You hit Sigmund but do no damage.
Sigmund is lightly wounded.
The howler monkey zombie hits you. Sigmund casts a spell at you.
You are confused.
The necrophage closely misses you.
You barely miss Sigmund.
Sigmund is lightly wounded.
The howler monkey zombie hits you. Sigmund completely misses you.
The necrophage misses you.
You hit Sigmund but do no damage.
Sigmund is lightly wounded.
The howler monkey zombie barely misses you.
The necrophage completely misses you.
Sigmund laughs darkly.
Sigmund mumbles some strange words.
Sigmund flickers and vanishes!
Deactivating autopickup; reactivate with Ctrl-A.
You hit the howler monkey zombie.
The howler monkey zombie is lightly damaged.
The howler monkey zombie closely misses you.
The necrophage closely misses you.
You hear some strange, mumbled words.
A magic dart appears from out of thin air!
The magic dart hits you.
* * * LOW HITPOINT WARNING * * *
You bump into the rock wall.
The howler monkey zombie misses you. The necrophage hits you.
* * * LOW HITPOINT WARNING * * *
You feel drained.
You hear some strange, mumbled words.
You are more confused.
You miss something.
The howler monkey zombie closely misses you.
The necrophage hits you.
You die...

*,*****,*,,,,,**#..,,**,,*,*
*.#####.*...,..##....,,,,,*,
*,..$..,#..###.......,,,,,,,
#########..........##*,,*,,,
#.......#......#.#.<#*..,*,*
#.#####.............##..,,*,
#.#............#.#..#...,,,,
#.........n?............*,,,
##.########@........##...*,*
#........#{Z.......#.....*,
########.#..#####..#.....,,
*****,....#.#..# #......#.,,
*,,,,.....#.#.## #.......#,*
*,**,.....#.######
##...†...*,
*,***,,...#......#
##......,, *,*
*,,..,#####..#####......,*
*,* ****,,,,*
##.......##...,*


You could see a necrophage and a howler monkey zombie.

Vanquished Creatures
  An adder (D:6)
1 creature vanquished.

Notes
Turn   | Place    | Note
-------+----------+-------------------------------------------
     0 | D:5      | Dvallin the Kobold Delver began the quest for the Orb.
     0 | D:5      | Reached XP level 1. HP: 14/14 MP: 1/1
    14 | D:6      | Noticed a necrophage
    16 | D:6      | Reached XP level 2. HP: 19/19 MP: 2/2
    49 | D:6      | Noticed Sigmund
    61 | D:6      | Slain by a necrophage

Illustrated notes

Levels and vault maps discovered:
D:5:      layout_cave_pools, mainiacjoe_overflow_boulevard,
          general_overflow_altar, minivault_27
D:6:      cheibrodos_fzero, layout_cave_pools, mainiacjoe_overflow_catwalk,
          serial_co_window_serial, co_window_paths_a, co_window_paths_a,
          co_window_paths_a, co_window_of_opportunity_a, co_window_paths_a,
          co_window_paths_a, co_window_corner_a, co_window_broadway_b,
          co_window_corner_b, co_window_corner_b, co_window_broadway_b,
          glass_columns_a, glass_columns_a, glass_columns_a, uniq_sigmund,
          uniq_eustachio

Skill      XL: |  1 |
---------------+----+-----
Short Blades   | 3 |  3.0
Fighting       | |  3.4
Dodging        | |  2.7
Stealth        | |  6.7

Action                   || total
-------------------------++-------
Melee: Short sword       ||     9
  Use: Scroll            ||     1
 Stab: Sleeping          ||     1
Dodge: Dodged            ||    13
